 Dungeon Crawl Stone Soup version 0.28.0-53-g5a82cb258f (webtiles) character file.

Game seed: 11704577363652026720

53 safid the Skirmisher (level 3, -1/33 HPs)
             Began as a Hill Orc Fighter on June 28, 2022.
             Slain by a gnoll
             ... wielding a +0 spear
              (8 damage)
             ... on level 2 of the Dungeon.
             The game lasted 00:02:03 (1951 turns).

safid the Skirmisher (Hill Orc Fighter)             Turns: 1951, Time: 00:02:03

Health: -1/33      AC:  9    Str: 20    XL:     3   Next: 89%
Magic:  3/3        EV:  9    Int:  8    God:
Gold:   68         SH:  4    Dex: 10    Spells: 2/2 levels left

rFire   . . .      SeeInvis .   a - +0 war axe
rCold   . . .      Faith    .   c - +0 buckler
rNeg    . . .      Spirit   .   b - +0 scale mail
rPois   .          Reflect  .   (no helmet)
rElec   .          Harm     .   (no cloak)
rCorr   .          Rampage  .   m - +0 pair of gloves
Will    .....                   i - +0 pair of boots
Stlth   ..........              (no amulet)
HPRegen 0.11/turn               (no ring)
MPRegen 0.08/turn               (no ring)

@: no status effects
A: no striking features
a: no special abilities


You were on level 2 of the Dungeon.
You visited 1 branch of the dungeon, and saw 2 of its levels.

You collected 68 gold pieces.

Inventory:

Hand Weapons
 a - a +0 war axe (weapon)
Missiles
 h - 3 poisoned darts (quivered)
Armour
 b - a +0 scale mail (worn)
 c - a +0 buckler (worn)
 i - a +0 pair of boots (worn)
 m - a +0 pair of gloves (worn)
Scrolls
 f - 2 scrolls of enchant weapon {unknown}
 j - a scroll of enchant armour {unknown}
 k - a scroll of identify {unknown}
Potions
 d - a potion of might
 e - a potion of ambrosia {unknown}
 g - a potion of mutation {unknown}
 l - a potion of resistance {unknown}


   Skills:
 - Level 4.0 Fighting
 + Level 3.6 Axes
 + Level 3.9 Armour
 + Level 3.9 Shields


You had 2 spell levels left.
You didn't know any spells.
Your spell library was empty.

Dungeon Overview and Level Annotations

Branches:
Dungeon (2/15)

Altars:


Message History

The plant begins to die.
The gnoll hits the plant with a +0 spear.
The plant begins to die.
The gnoll hits the plant with a +0 spear!
The plant begins to die.
The gnoll hits the plant with a +0 halberd!
The plant begins to die.
The gnoll hits the plant with a +0 spear.
The gnoll hits the plant with a +0 spear!
The gnoll hits the plant with a +0 halberd!
The gnoll hits the plant with a +0 spear!
A nearby plant withers and dies.
The gnoll hits the plant with a +0 halberd!
A nearby plant withers and dies.
The gnoll hits the plant with a +0 halberd!
The gnoll hits the plant with a +0 spear.
The plant begins to die.
A nearby plant withers and dies.
Okay, then.
You start putting on your armour.
You continue putting on your +0 pair of gloves. x4
You finish putting on your +0 pair of gloves.
The gnoll hits you from afar with a +0 halberd.
The gnoll hits you but does no damage.
You closely miss the gnoll.
The gnoll hits you from afar with a +0 halberd.
The gnoll hits you but does no damage. You block the gnoll's attack.
The gnoll hits you with a +0 spear.
You barely miss the gnoll.
The gnoll hits you from afar with a +0 halberd.
You block the gnoll's attack.
You are too injured to fight recklessly!
You are too injured to fight recklessly!
You are too injured to fight recklessly!
You are too injured to fight recklessly!
You completely miss the gnoll.
The gnoll hits you from afar with a +0 halberd!
* * * LOW HITPOINT WARNING * * *
The gnoll hits you from afar with a +0 spear!
You die... #.....# .## #.....######.. ##...........# #####.#......# #...)# .# #####'#......# ....####.# ##...........##### .......... ##...............# ..gP.PPP.

##.......#.......+ ..P..P.PP
.........#......@########.Pg.....
###.#'####........#.......P.....P
# #.#.# #.......ggg.......P...P.
# #.#.# #..........#####.......P
###.#.# #.......########...P.P..
.##.#.####.....................).
.....)..##.......################
..##....########## ..##....#


You could see 3 gnolls.

Vanquished Creatures
  An adder (D:2)
  A worm (D:2)
  A dart slug (D:1)
  3 ball pythons (D:1)
  2 bats
  3 endoplasms (D:1)
  3 giant cockroaches
  4 goblins (D:1)
  3 hobgoblins
  3 jackals (D:2)
  6 kobolds
  A quokka (D:2)
  3 rats (D:1)
34 creatures vanquished.

Vanquished Creatures (others)
  9 plants (D:2)
9 creatures vanquished.

Grand Total: 43 creatures vanquished

Notes
Turn   | Place    | Note
-------+----------+-------------------------------------------
     0 | D:1      | safid the Hill Orc Fighter began the quest for the Orb.
     0 | D:1      | Reached XP level 1. HP: 19/19 MP: 1/1
   106 | D:1      | Found a faded altar of an unknown god.
   377 | D:1      | Reached XP level 2. HP: 22/27 MP: 2/2
   793 | D:1      | Reached skill level 4 in Fighting
  1002 | D:1      | Reached XP level 3. HP: 33/33 MP: 3/3
  1951 | D:2      | Slain by a gnoll

Illustrated notes

Levels and vault maps discovered:
D:1:      eino_arrival_water_star, layout_basic,
          hellmonk_ecumenical_altar_inner_sanctum, serial_co_window_serial,
          co_window_paths_a, co_window_paths_b, co_window_corner_a,
          co_window_corner_a, co_window_of_opportunity_a, co_window_cross_2,
          co_window_cross_3, co_window_corner_b, glass_columns_b,
          glass_columns_b, glass_columns_a, glass_columns_b,
          minmay_indecisive_spiral
D:2:      layout_basic, nicolae_grassy_gnolls

Skill      XL: |  1  2 |
---------------+-------+-----
Axes           | 3 |  3.6
Fighting       | 4 |  4.0
Armour         | |  3.9
Shields        | |  3.9

Action                   || total
-------------------------++-------
Melee: War axe           ||   113
Armor: Scale mail        ||    46
Dodge: Dodged            ||    56
Block: Buckler           ||    29
